 Dungeon Crawl Stone Soup version 0.28-a0-948-gee6e0bcda6 (webtiles) character file.

Game seed: 7650427092869031492

7 Gargoyl the Skirmisher (level 2, -4/29 HPs)
             Began as a Gnoll Abyssal Knight on Nov 30, 2021.
             Was a Follower of Lugonu.
             Slain by a fire dragon skeleton (9 damage)
             ... on level 1 of the Abyss.
             The game lasted 00:00:16 (144 turns).

Gargoyl the Skirmisher (Gnoll Abyssal Knight)        Turns: 144, Time: 00:00:16

Health: -4/29      AC:  3    Str: 12    XL:     2   Next: 0%
Magic:  5/5        EV: 12    Int:  9    God:    Lugonu [*.....]
Gold:   0          SH:  0    Dex: 12    Spells: 1/1 levels left

rFire   . . .      SeeInvis .   a - +1 hand axe
rCold   . . .      Faith    .   (no shield)
rNeg    . . .      Spirit   .   b - +0 leather armour
rPois   .          Reflect  .   (no helmet)
rElec   .          Harm     .   (no cloak)
rCorr   .          Rampage  .   (no gloves)
Will    .....                   (no boots)
Stlth   +.........              (no amulet)
HPRegen 0.09/turn               (no ring)
MPRegen 0.09/turn               (no ring)

@: no status effects
A: fangs 1, strong nose, distributed training
a: Renounce Religion, Depart the Abyss


You were on level 1 of the Abyss.
You worshipped Lugonu.
Lugonu was aware of your devotion.
You visited 0 branches of the dungeon, and saw 0 of its levels.
You visited the Abyss 1 time.

Inventory:

Hand Weapons
 a - a +1 hand axe (weapon)
Armour
 b - a +0 leather armour (worn)


   Skills:
 + Level 6.4 Fighting
 + Level 0.2 Short Blades
 + Level 0.2 Long Blades
 + Level 4.4 Axes
 + Level 0.2 Maces & Flails
 + Level 0.2 Polearms
 + Level 0.2 Staves
 + Level 0.2 Slings
 + Level 0.2 Bows
 + Level 0.2 Crossbows
 + Level 0.2 Throwing
 + Level 4.4 Armour
 + Level 2.4 Dodging
 + Level 0.2 Stealth
 + Level 0.2 Shields
 + Level 0.2 Unarmed Combat
 + Level 0.2 Spellcasting
 + Level 0.1 Conjurations
 + Level 0.1 Hexes
 + Level 0.1 Summonings
 + Level 0.1 Necromancy
 + Level 0.1 Translocations
 + Level 0.1 Transmutations
 + Level 0.1 Fire Magic
 + Level 0.1 Ice Magic
 + Level 0.1 Air Magic
 + Level 0.1 Earth Magic
 + Level 0.1 Poison Magic
 + Level 4.4 Invocations
 + Level 0.2 Evocations


You had one spell level left.
You didn't know any spells.
Your spell library was empty.

Dungeon Overview and Level Annotations

Branches:
Dungeon (0/15)

Altars:


Innate Abilities, Weirdness & Mutations

You have very sharp teeth.
Your uncanny sense of smell can sniff out nearby items.
Your experience applies equally to all skills.


Message History

Unknown command.
Press < or > to pray at altars.
Key pressed, stopping explore.
Key pressed, stopping explore.
A fire dragon skeleton comes into view.
A fire dragon skeleton is nearby!
A white imp comes into view.
The white imp shouts, "Get thee gone, thou odious toot-wallowing mammet!"
You hit the white imp.
The white imp is moderately wounded.
The white imp closely misses you.
You hit the white imp.
The white imp is severely wounded.
The white imp hits you but does no damage.
You barely miss the white imp.
The white imp is severely wounded.
The white imp gestures at you. The puff of frost hits you.
You closely miss the white imp.
The white imp is severely wounded.
The white imp hits you. The white imp freezes you.
You slash the white imp!
You kill the white imp!
You have reached level 2!
Unknown command.
Unknown command.
You start resting.
A fire dragon skeleton is nearby!
You hit the fire dragon skeleton.
You bite the fire dragon skeleton, but do no damage.
The fire dragon skeleton is lightly damaged.
The fire dragon skeleton bites you but does no damage.
The fire dragon skeleton claws you! The fire dragon skeleton tramples you!
* * * LOW HITPOINT WARNING * * *
You stumble backwards!
You hit the fire dragon skeleton.
You bite the fire dragon skeleton, but do no damage.
The fire dragon skeleton is lightly damaged.
The fire dragon skeleton bites you!
You die...

#. # # ##
# # .
##.## .
##. .# #
#. #
###### ##
.. .#
##..# .#
.# ## .##
..#. ..#
.. .#
.#....#...
. .# ## .#
.##..####
..## #.##
. .. ###
#..##.####
. # #..##
.#.Z@#.# .
#.#
..###### ∆
# # ## ##.
..


You could see a fire dragon skeleton.

Vanquished Creatures
  A white imp (Abyss:1)
1 creature vanquished.

Notes
Turn   | Place    | Note
-------+----------+-------------------------------------------
     0 | Abyss:1  | Gargoyl the Gnoll Abyssal Knight began the quest for the
                  | Orb.
     0 | Abyss:1  | Reached XP level 1. HP: 23/23 MP: 3/3
   100 | Abyss:1  | Noticed a fire dragon skeleton
   124 | Abyss:1  | Reached XP level 2. HP: 19/29 MP: 5/5
   144 | Abyss:1  | Slain by a fire dragon skeleton

Illustrated notes

Levels and vault maps discovered:
Abyss:1:  base: Temple, base:
Temple

Action                   || total
-------------------------++-------
Melee: Hand axe          ||     7
       Bite              ||     2
Armor: Leather armour    ||     2
Dodge: Dodged            ||     1

Table legend: (Time is in decaauts)
 A = Elapsed time spent in this place.
 B = Non-inter-level travel time spent in this place.
 C = Inter-level travel time spent in this place.
 D = Time resting spent in this place.
 E = Time spent auto-exploring this place.
 F = Levels seen in this place.
 G = Mean time per level.
                   A        B        C        D        E       F      G
               +--------+--------+--------+--------+--------+-----+--------+
         Total |    144 |    144 |      0 |      8 |    100 |   1 |  144.0 |
         Abyss |    144 |    144 |      0 |      8 |    100 |   1 |  144.0 |
               +--------+--------+--------+--------+--------+-----+--------+

Top non-repeatable levels by time:
 Abyss:1: 144 daAuts
